 Dungeon Crawl Stone Soup version 0.31-a0-881-ge136f0c47a (webtiles) character file.

Game seed: 7113862760053532320

1892 avis the Nimble (level 8, 38/38 HPs)
             Began as a Felid Fighter on Oct 16, 2023.
             Was an Initiate of Gozag.
             Got out of the dungeon alive.
             The game lasted 00:26:49 (7262 turns).

avis the Nimble (Felid Fighter)                     Turns: 7262, Time: 00:26:50

Health: 38/38      AC:  2    Str: 12    XL:     8   Next: 93%
Magic:  9/9        EV: 26    Int: 10    God:    Gozag
Gold:   614        SH:  0    Dex: 17    Spells: 7/7 levels left
                                        Lives:  0   Deaths: 3

rFire   . .          .
                       - Unarmed
rCold   + . .        (shield unavailable)
rNeg    + . .        (body armour unavailable)
rPois   .            (helmet unavailable)
rElec   .            (cloak unavailable)
rCorr   .            (gloves unavailable)
SInv    +            (boots unavailable)
Will    +....        (no amulet)
Stlth   +++          m - ring of protection from cold
HPRegen 0.26/turn    h - ring of positive energy
MPRegen 0.11/turn

%: no passive effects
@: quick
A: very small, claws 1, fangs 3, see invisible, speed 1, shaggy fur 2, stealthy
paws, no weapons or thrown items, no armour, multi-lived
a: Renounce Religion, Potion Petition, Call Merchant, Bribe Branch


You escaped.
You worshipped Gozag.
Gozag was pleased with you.
You visited 2 branches of the dungeon, and saw 8 of its levels.

You collected 674 gold pieces.
You paid 60 gold pieces to Gozag.

Inventory:

Jewellery
 h - a ring of positive energy (right paw)
 m - a ring of protection from cold (left paw)
Scrolls
 a - a scroll of blinking {unknown}
 c - 2 scrolls of immolation {unknown}
 d - 4 scrolls of teleportation {unknown}
 e - a scroll of poison {unknown}
 g - a scroll of amnesia {unknown}
 j - 3 scrolls of vulnerability {unknown}
 l - a scroll of torment {unknown}
 s - 2 scrolls of noise {unknown}
 t - a scroll of revelation {unknown}
 u - 2 scrolls of enchant armour {unknown}
 v - 2 scrolls of fog {unknown}
Potions
 b - a potion of ambrosia
 f - a potion of lignification
 i - 3 potions of enlightenment
 k - 2 potions of curing
 n - a potion of heal wounds
 o - a potion of mutation
 p - a potion of attraction {unknown}
 r - a potion of experience {unknown}


   Skills:
 - Level 6.0 Fighting
 * Level 12.8 Dodging
 - Level 6.0 Stealth
 - Level 4.0 Unarmed Combat


You had 7 spell levels left.
You didn't know any spells.
Your spell library contained the following spells:

 Spells                   Type           Power      Damage    Failure   Level
 Sandblast                Erth           0%         2d4       36%         1
 Summon Small Mammal      Summ           0%         N/A       36%         1
 Passwall                 Tmut/Erth      0%         N/A       50%         2
 Static Discharge         Conj/Air       0%         2-2/arc   50%         2
 Call Canine Familiar     Summ           0%         N/A       75%         3
 Stone Arrow              Conj/Erth      0%         3d7       75%         3
 Summon Guardian Golem    Hex/Summ       0%         N/A       75%         3
 Airstrike                Air            0%         2d(0-16)  98%         4
 Brom's Barrelling Bould  Conj/Erth      0%         2d3       98%         4
 Summon Lightning Spire   Summ/Air       0%         N/A       98%         4


Dungeon Overview and Level Annotations

Branches:
Dungeon (7/15)             Temple (1/1) D:6

Altars:
Cheibriados
Elyvilon
Fedhas
Gozag
Hepliaklqana
Kikubaaqudgha
Makhleb
Nemelex Xobeh
Okawaru
Qazlal
Ru
Sif Muna
Uskayaw
Vehumet
Wu Jian
Xom
Yredelemnul
Zin
The Shining One

Annotations:
D:3 scrolls behing metal grate
D:4 Sigmund


Innate Abilities, Weirdness & Mutations

You have sharp claws.
You have razor-sharp teeth.
You have supernaturally acute eyesight. (SInv)
You cover ground quickly. (Speed+)
You are covered in thick fur. (AC +2)
Your paws help you pounce on unaware monsters.
You are incapable of wielding weapons or throwing items.
You cannot wear armour.
You gain extra lives every three experience levels.


Message History

You partially resist.
You feel drained. The wight freezes you.
* * * LOW HITPOINT WARNING * * *
You scratch the wight.
The wight is severely damaged.
The wight hits you with a +3 falchion of freezing.
* * * LOW HITPOINT WARNING * * *
You partially resist.
You feel drained. The wight freezes you.
* * * LOW HITPOINT WARNING * * *
You scratch the wight but do no damage.
The wight is severely damaged.
The wight hits you with a +3 falchion of freezing.
* * * LOW HITPOINT WARNING * * *
You partially resist.
You feel drained. The wight freezes you.
You die...
You rejoin the land of the living...
There is a stone staircase leading up here.
You climb upwards.
There is a stone staircase leading down here.
There is a stone staircase leading up here.
You climb upwards.
There is a stone staircase leading down here.
There is a stone staircase leading up here.
You climb upwards.
Level annotation: Sigmund
There is a stone staircase leading down here.
There is a stone staircase leading up here.
You climb upwards.
Level annotation: scrolls behing metal grate
There is a stone staircase leading down here.
There is a stone staircase leading up here.
You climb upwards.
There is a stone staircase leading down here.
You see here a +0 helmet.
You see here a throwing net.
There is a stone staircase leading up here.
You climb upwards.
There is a stone staircase leading down here.
There is an open gate here.
There is a staircase leading out of the dungeon here.
You have escaped!

# #..♣♣ #
########...♣♣
######......#....♣
.......######....♣♣
#####..#####......♣
#....##.......♣
######.#.#8..8..8.♣
...# #...'........♣♣
...# ###.'......@..♣
...#####.'........♣♣
...##....#8..8..8.♣
...##.##.##......♣♣
#####.##..##.....♣
#.##...##...♣♣
#.###...#...♣
#.####..#...♣
###.......#...♣


There were no monsters in sight!

Vanquished Creatures
  Prince Ribbit (D:6)
  Grinder (D:6)
  Eustachio (D:6)
  A black bear (D:4)
  2 ice beasts
  An orc warrior (D:6)
  A centaur (D:7)
  A phantom (D:6)
  3 bullfrogs
  A howler monkey (D:5)
  A jelly (D:4)
  5 hounds
  2 orc priests
  2 iguanas (D:5)
  4 orc wizards
  3 gnolls
  2 adders
  3 white imps
  2 worms (D:2)
  3 dart slugs
  26 orcs
  6 ball pythons
  6 endoplasms
  4 giant cockroaches
  2 goblins (D:1)
  4 hobgoblins
  7 jackals (D:2)
  A quokka (D:3)
  4 bats
  2 frilled lizards
  4 kobolds
  24 rats
130 creatures vanquished.

Notes
Turn   | Place    | Note
-------+----------+-------------------------------------------
     0 | D:1      | avis the Felid Fighter began the quest for the Orb.
     0 | D:1      | Reached XP level 1. HP: 10/10 MP: 2/2
    69 | D:1      | Reached skill level 1 in Stealth
   107 | D:1      | Found a faded altar of an unknown god.
   117 | D:1      | Reached XP level 2. HP: 14/14 MP: 3/3
   890 | D:2      | Reached XP level 3. HP: 8/17 MP: 4/4
  1204 | D:2      | Reached skill level 5 in Dodging
  1444 | D:3      | Reached XP level 4. HP: 8/21 MP: 5/5
  1598 | D:3      | Reached skill level 6 in Dodging
  2112 | D:3      | Found a glowing silver altar of Zin.
  2394 | D:3      | Reached XP level 5. HP: 12/25 MP: 6/6
  2658 | D:4      | Noticed Sigmund
  2864 | D:3      | Killed from afar by an orc wizard
  3075 | D:4      | Found an opulent altar of Gozag.
  3079 | D:4      | Became a worshipper of Gozag Ym Sagoz the Greedy
  3103 | D:4      | Noticed a black bear
  3117 | D:4      | Slain by a black bear
  3133 | D:4      | Killed a black bear
  3134 | D:4      | Reached skill level 7 in Dodging
  3134 | D:4      | Gained mutation: You are covered in thick fur. (AC +2)
                  | [Felid growth]
  3134 | D:4      | Reached XP level 6. HP: 28/28 MP: 7/7
  3632 | D:4      | Reached skill level 8 in Dodging
  3982 | D:5      | Entered Level 5 of the Dungeon
  4270 | D:5      | Noticed an ice beast
  4286 | D:5      | Killed an ice beast
  4287 | D:5      | Reached skill level 9 in Dodging
  4287 | D:5      | Reached XP level 7. HP: 18/33 MP: 8/8
  4659 | D:5      | Reached skill level 5 in Fighting
  5652 | D:6      | Reached skill level 5 in Stealth
  5867 | D:6      | Found a staircase to the Ecumenical Temple.
  5893 | Temple   | Entered the Ecumenical Temple
  6029 | D:6      | Noticed Grinder
  6031 | D:6      | Noticed Eustachio
  6052 | D:6      | HP: 1/33 [Grinder/nerve-wracking pain (9)]
  6059 | D:6      | Killed Grinder
  6060 | D:6      | Reached skill level 10 in Dodging
  6060 | D:6      | Reached XP level 8. HP: 27/37 MP: 9/9
  6176 | D:6      | Found a snail-covered altar of Cheibriados.
  6237 | D:6      | Noticed Prince Ribbit
  6241 | D:6      | Killed Eustachio
  6242 | D:6      | Reached skill level 11 in Dodging
  6290 | D:6      | Killed Prince Ribbit
  6291 | D:6      | Reached skill level 12 in Dodging
  7131 | D:7      | HP: 1/34 [wight/+3 falchion of freezing (5)]
  7131 | D:7      | Slain by a wight
  7262 | D:$      | Got out of the dungeon alive.

Illustrated notes

Levels and vault maps discovered:
D:1:      kennysheep_arrival_forest, layout_loops_cross,
          shapermc_ecumenical_altar_acropolis
D:2:      layout_basic, minmay_unequal
D:3:      layout_basic, zin_scriptorium, minmay_misc_feat_tower, minmay_rat_hole
D:4:      layout_basic, marbit_many_paths, uniq_sigmund
D:5:      layout_basic
D:6:      layout_loops_ring, kennysheep_slug_shrine, minmay_temple_entry_grid,
          uniq_prince_ribbit1, uniq_eustachio, uniq_grinder
D:7:      minmay_chambers_of_sevens, layout_layer_cave, trog_wizard,
          serial_shops, shop, minmay_mini_ossuary
Temple:   kb_temple_of_zot

Skill      XL: |  1  2  3  4  5  6  7  8 |
---------------+-------------------------+-----
Stealth        | 2 3 4 5 6 |  6.0
Dodging        | 5 6 7 9 10 12 | 12.8
Fighting       | 4 5 6 |  6.0
Unarmed Combat | |  4.0

Action                     |  1- 3 |  4- 6 |  7- 9 || total
---------------------------+-------+-------+-------++-------
  Melee: Unarmed           |    94 |   211 |   208 ||   513
         Bite              |     2 |    25 |    20 ||    47
         Punch             |     2 |     4 |     9 ||    15
    Use: Scroll            |       |     3 |     4 ||     7
         Potion            |       |     2 |     3 ||     5
   Stab: Sleeping          |     4 |     8 |     7 ||    19
         Distracted        |       |       |     1 ||     1
 Armour: Skin              |    19 |    71 |    39 ||   129
  Dodge: Dodged            |    58 |   162 |   166 ||   386

Table legend: (Time is in decaauts)
 A = Elapsed time spent in this place.
 B = Non-inter-level travel time spent in this place.
 C = Inter-level travel time spent in this place.
 D = Time resting spent in this place.
 E = Time spent auto-exploring this place.
 F = Levels seen in this place.
 G = Mean time per level.
                   A        B        C        D        E       F      G
               +--------+--------+--------+--------+--------+-----+--------+
         Total |   6167 |   5079 |   1088 |    957 |   2472 |   8 |  770.9 |
       Dungeon |   6158 |   5070 |   1088 |    957 |   2472 |   7 |  879.7 |
        Temple |      8 |      8 |      0 |      0 |      0 |   1 |    8.0 |
               +--------+--------+--------+--------+--------+-----+--------+

Top non-repeatable levels by time:
     D:5: 1285 daAuts
     D:6: 1190 daAuts
     D:4: 1063 daAuts
     D:3: 940 daAuts
     D:2: 922 daAuts
     D:1: 581 daAuts
     D:7: 175 daAuts
  Temple: 8 daAuts
